cohdb
Replays
Latest Replays
All Replays
Popular Replays
Top Player Replays
Match Explorer
How It Works
Community
CoH3 Stats
Reddit
Sign in to upload your games and track your stats! →
Sign in with Steam
Match 43372216
Unlisted
Match 43372216
Overview
Messages
Build Orders
End
Kettenkrad Recon Vehicle
Construct Infanterie Kompanie
MG 42 Machine Gun Team
MG 42 Machine Gun Team
Grenadier Squad
Grenadier Squad
Infanterie Officer Quarters
Construct Luftwaffe Kompanie
Selects Breakthrough Battlegroup
Selects Assault Grenadiers
Jäger Squad
Support Elements
Wirbelwind Flakpanzer
Marder III M Tank Destroyer
Marder III M Tank Destroyer
Selects Smoke Bombing Run
Selects Mechanized Assault Group
Mechanized Assault Group
Pioneer Squad
Selects Rapid Production
Selects Blitzkrieg
Construct Panzer Kompanie
Panzer IV Medium Tank
Panzer IV Medium Tank
Pioneer Squad
Flak 30 Anti-aircraft Gun Team
Selects Tiger Heavy Tank
Tiger Heavy Tank
Jopjahh
Manfred Von Blubberhofen
Skullclown
MarcusGOW
^8[CRE] Liebgott
Niva 4x4
0
0
Comments
sign in to comment!
No comments posted yet!